Map: Ascension to Aiur LE

Players

Scarlett - Winner!

  • Race: Zerg Zerg
  • Spawn Location: 11:00

Harstem

  • Race: Protoss Protoss
  • Spawn Location: 5:00

Event: WCS Montreal 2017

VOD

Have the link to the VOD?

Description

Time

  • Played on: Sept. 9, 2017, 12:01 p.m.
  • Length: 8:38

All games in this series

Show
View Real Time Build Order
Export as new Build Order

Scarlett Zerg - Winner!

Build Orders: Hatch First 

Get SALT Encoding   

  12  0:00  Drone  
  13  0:13  Overlord  
  13  0:17  Drone  
  14  0:31  Drone x2  
  16  0:36  Drone  
  17  0:51  Hatchery  
  17  0:55  Drone  
  17  0:58  Drone  
  18  1:06  Extractor  
  17  1:12  Spawning Pool  
  17  1:15  Drone  
  17  1:20  Drone  
  18  1:29  Drone  
  19  1:39  Overlord  
  19  1:50  Drone  
  20  1:59  Queen  
  22  2:01  Drone  
  22  2:03  Drone  
  22  2:05  Queen  
  26  2:08  Metabolic Boost  
  26  2:12  Drone  
  26  2:14  Zergling x2  
  28  2:23  Drone  
  28  2:25  Drone  
  30  2:33  Drone  
  31  2:39  Drone  
  32  2:45  Pneumatized Carapace  
  32  2:50  Hatchery  
  31  2:52  Overlord, Drone  
  31  2:55  Drone  
  33  2:58  Drone  
  33  3:05  Drone  
  35  3:08  Drone  
  35  3:10  Drone  
  35  3:11  Drone x2  
  39  3:14  Queen  
  39  3:19  Overlord  
  41  3:21  Drone  
  42  3:31  Drone x2  
  44  3:39  Lair  
  44  3:41  Overlord  
  44  3:45  Spore Crawler  
  44  3:46  Drone x3  
  44  3:47  Spore Crawler, Zergling x2  
  46  3:53  Spore Crawler  
  46  3:55  Zergling x6  
  48  4:03  Drone x3  
  48  4:06  Queen  
  53  4:11  Extractor, Zergling x4  
  53  4:13  Drone x2  
  56  4:18  Drone  
  56  4:19  Drone  
  56  4:23  Drone  
  59  4:24  Drone x2, Evolution Chamber  
  59  4:25  Drone  
  59  4:27  Overlord  
  61  4:41  Overseer  
  61  4:42  Drone x4  
  61  4:43  Drone  
  66  4:47  Overlord, Roach Warren  
  66  4:48  Extractor, Drone x2  
  66  4:49  Extractor  
  65  4:59  Zerg Missile Weapons Level 1  
  65  5:00  Drone x6  
  65  5:04  Overseer  
  65  5:06  Overlord  
  71  5:08  Drone  
  71  5:12  Drone  
  71  5:13  Drone x3  
  76  5:23  Overlord x3  
  76  5:27  Roach x4  
  81  5:31  Overlord  
  81  5:33  Roach, Glial Reconstitution  
  81  5:37  Extractor  
  81  5:38  Extractor  
  79  5:43  Roach x6  
  90  5:55  Queen  
  88  5:57  Drone  
  88  5:58  Drone x6  
  88  6:03  Queen  
  97  6:05  Hydralisk Den  
  96  6:13  Roach  
  96  6:14  Roach x4  
  96  6:16  Overlord  
  96  6:17  Drone x2  
  108  6:21  Overlord  
  108  6:28  Hatchery  
  108  6:31  Drone x3  
  110  6:35  Overlord x2  
  110  6:39  Muscular Augments  
  110  6:40  Drone x2  
  110  6:41  Hydralisk x2  
  116  6:47  Nydus Network  
  116  6:49  Hydralisk x2  
  119  6:59  Hydralisk x4  
  127  7:07  Roach x6  
  139  7:09  Roach  
  139  7:14  Overlord  
  139  7:15  Overlord x2  
  138  7:29  Roach  
  146  7:30  Roach x5  
  146  7:40  Nydus Canal  
  146  7:43  Roach x7  
  160  7:46  Queen  
  160  7:48  Overlord  
  164  7:51  Roach x3  
  168  8:05  Roach x4  
  176  8:12  Roach  
  171  8:13  Roach x6  
Show
View Real Time Build Order
Export as new Build Order

Harstem Protoss 

Build Orders: 1 Gate Expand, Zealot Archon, Archon Drop, Dark Templar Rush 

Get SALT Encoding   

  12  0:01  Probe (Chrono Boost)  
  13  0:11  Probe (Chrono Boost)  
  14  0:18  Pylon  
  14  0:22  Probe (Chrono Boost)  
  15  0:36  Probe (Chrono Boost)  
  15  0:38  Gateway  
  16  0:46  Probe (Chrono Boost)  
  16  0:47  Assimilator  
  18  0:57  Probe (Chrono Boost)  
  18  1:07  Probe (Chrono Boost)  
  19  1:18  Probe (Chrono Boost)  
  20  1:23  Nexus  
  20  1:33  Cybernetics Core  
  20  1:35  Probe (Chrono Boost)  
  21  1:40  Assimilator  
  21  1:46  Probe (Chrono Boost)  
  22  1:51  Pylon  
  22  1:56  Probe (Chrono Boost)  
  23  2:09  Probe (Chrono Boost), Adept (Chrono Boost)  
  23  2:11  Warp Gate  
  26  2:17  Twilight Council  
  26  2:20  Probe (Chrono Boost)  
  27  2:33  Robotics Facility  
  27  2:36  Probe (Chrono Boost)  
  28  2:39  Probe (Chrono Boost)  
  29  2:47  Probe (Chrono Boost)  
  29  2:50  Probe (Chrono Boost)  
  31  2:57  Probe (Chrono Boost)  
  32  2:59  Dark Shrine  
  32  3:01  Probe (Chrono Boost)  
  33  3:08  Probe (Chrono Boost)  
  33  3:11  Probe (Chrono Boost)  
  33  3:12  Gateway  
  35  3:21  Warp Prism (Chrono Boost)  
  35  3:23  Probe  
  35  3:25  Mothership Core  
  40  3:34  Pylon  
  40  3:35  Probe  
  41  3:45  Probe (Chrono Boost), Assimilator  
  41  3:47  Probe (Chrono Boost)  
  43  3:57  Probe (Chrono Boost)  
  43  3:58  Pylon  
  43  3:59  Probe (Chrono Boost)  
  45  4:07  Probe (Chrono Boost)  
  46  4:10  Nexus  
  46  4:11  Probe (Chrono Boost)  
  46  4:15  Pylon  
  47  4:18  Probe (Chrono Boost)  
  47  4:21  Dark Templar  
  47  4:22  Dark Templar  
  53  4:24  Probe (Chrono Boost)  
  53  4:28  Probe (Chrono Boost)  
  53  4:30  Charge  
  54  4:35  Probe (Chrono Boost)  
  55  4:39  Probe (Chrono Boost)  
  55  4:41  Pylon  
  55  4:44  Gateway  
  56  4:48  Gateway  
  56  4:53  Archon  
  56  4:54  Dark Templar x2  
  56  4:56  Probe (Chrono Boost)  
  56  4:58  Probe (Chrono Boost)  
  56  4:59  Archon  
  62  5:04  Assimilator  
  62  5:08  Immortal (Chrono Boost)  
  62  5:10  Probe  
  62  5:12  Probe  
  62  5:13  Pylon  
  68  5:22  Probe  
  68  5:23  Probe x2  
  71  5:31  Gateway  
  71  5:33  Sentry x2, Gateway  
  71  5:34  Probe  
  76  5:37  Probe  
  76  5:42  Probe  
  81  5:43  Immortal (Chrono Boost)  
  82  5:55  Probe  
  82  5:56  Probe, Sentry  
  85  5:57  Zealot x3  
  85  5:59  Probe  
  85  6:00  Pylon  
  93  6:08  Probe x2  
  95  6:15  Probe, Pylon  
  96  6:19  Forge  
  96  6:21  Observer (Chrono Boost)  
  96  6:22  Zealot x2  
  96  6:23  Zealot, Pylon  
  103  6:28  Probe  
  103  6:29  Probe  
  103  6:31  Pylon  
  103  6:32  Assimilator  
  105  6:37  Assimilator  
  105  6:43  Dark Templar  
  105  6:46  Zealot x5  
  117  6:49  Probe  
  117  6:52  Probe x2  
  120  7:02  Forge  
  120  7:08  Zealot x4  
  132  7:13  Probe  
  133  7:16  Probe  
  133  7:18  Pylon  
  133  7:19  Pylon  
  132  7:24  Immortal (Chrono Boost)  
  132  7:26  Probe  
  132  7:29  Photon Cannon  
  133  7:31  Pylon  
  133  7:34  Probe  
  134  7:44  Templar Archives  
  134  7:45  Gateway  
  134  7:58  Dark Templar  
  134  7:59  Dark Templar x2, Zealot x2  
  134  8:01  Nexus  
  134  8:04  Pylon  
  144  8:06  Pylon  
  144  8:12  Pylon x2  
  136  8:17  Pylon  
  136  8:18  Zealot  
  132  8:23  Zealot x2  
  113  8:32  Dark Templar x3  
Tags
 
Add a new tag
Caveats
  • Supply blocks, unpowered buildings, or Contaminate may cause inaccurate times.
  • Supply counts are checked every 10 seconds.